details: 'Replay_2009_07_19_0211'

« prev index next »

General information

Mini Map

Players

team 1
Human2pacOBAMA (green | 63 APM | 1284 actions | 20:32)
Hero icon 5 Mountain King
Ability icon 3 Storm Bolt
Ability icon 2 Bash
Hero icon 5 Paladin
Ability icon 3 Holy Light
Ability icon 2 Divine Shield

» actions
Assign group hotkey20
Basic commands133
Build / train72
ESC pressed3
Enter build submenu32
Enter hero's abilities submenu10
Right click349
Select / deselect370
Select group hotkey221
Use ability74
1284 total
» units
Peasant13
Footman7
Spell Breaker8
Priest7
35 total
» upgrades
Masonry3
Lumber Harvesting2
Priest Training2
Swords1
8 total
» buildings
Altar of Kings1
Barracks1
Farm9
Scout Tower4
Arcane Tower1
Lumber Mill2
Arcane Vault1
Keep1
Guard Tower3
Arcane Sanctum2
Castle1
Blacksmith1
Town Hall2
29 total
» build order
00:06 Altar of Kings
00:21 Barracks
00:26 Farm
00:50 Farm
01:29 Scout Tower
01:36 Farm
01:57 Arcane Tower
02:38 Lumber Mill
02:44 Lumber Mill
02:46 Scout Tower
02:51 Scout Tower
03:11 Arcane Vault
03:48 Keep
04:03 Guard Tower
04:44 Guard Tower
04:51 Farm
05:06 Scout Tower
05:38 Guard Tower
06:06 Farm
06:51 Arcane Sanctum
07:20 Arcane Sanctum
08:05 Farm
08:53 Farm
09:39 Farm
10:27 Farm
10:29 Castle
11:21 Blacksmith
18:10 Town Hall
19:23 Town Hall
» items
Scroll of Healing2
Potion of Lesser Invulnerability1
Scroll of Town Portal1
Orb of Fire1
Scroll of Regeneration1
Staff of Sanctuary1
Potion of Mana2
Potion of Healing2
11 total
Humanrub1con (purple | 92 APM | 1890 actions | 20:35)
Hero icon 5 Mountain King
Ability icon 3 Storm Bolt
Ability icon 2 Bash
Hero icon 2 Archmage
Ability icon 1 Brilliance Aura
Ability icon 1 Blizzard

» actions
Assign group hotkey45
Basic commands64
Build / train119
Enter build submenu31
Enter hero's abilities submenu7
Right click744
Select / deselect341
Select group hotkey492
Use ability47
1890 total
» units
Peasant19
Footman13
Flying Machine46
Knight7
85 total
» upgrades
Defend1
Masonry2
Lumber Harvesting2
Gunpowder3
Plating1
Flak Cannons1
Flying Machine Bombs1
Animal War Training1
12 total
» buildings
Altar of Kings1
Farm8
Barracks1
Lumber Mill1
Scout Tower11
Arcane Tower3
Guard Tower6
Town Hall1
Keep1
Castle1
Blacksmith1
Workshop2
Arcane Vault1
38 total
» build order
00:06 Altar of Kings
00:12 Farm
00:29 Barracks
01:13 Lumber Mill
01:27 Scout Tower
01:58 Farm
02:06 Scout Tower
02:28 Arcane Tower
02:28 Arcane Tower
03:15 Guard Tower
03:16 Guard Tower
04:55 Scout Tower
04:56 Scout Tower
04:58 Scout Tower
04:59 Scout Tower
05:02 Scout Tower
05:06 Town Hall
05:22 Farm
05:25 Scout Tower
05:28 Scout Tower
05:31 Scout Tower
05:34 Scout Tower
05:40 Guard Tower
06:08 Guard Tower
07:02 Guard Tower
07:26 Keep
07:54 Guard Tower
10:00 Farm
10:01 Farm
10:06 Castle
10:13 Blacksmith
10:34 Farm
11:15 Farm
11:47 Workshop
11:56 Workshop
15:53 Arcane Vault
16:09 Farm
» items
Orb of Fire1
1 total
team 2
Orcmoviemaker18 (pink | 65 APM | 1325 actions | 20:31)
Hero icon 3 Blademaster
Ability icon 1 Wind Walk
Ability icon 2 Critical Strike
Hero icon 3 Shadow Hunter
Ability icon 2 Healing Wave
Ability icon 1 Hex

» actions
Assign group hotkey2
Basic commands115
Build / train56
ESC pressed4
Enter build submenu25
Enter hero's abilities submenu6
Right click420
Select / deselect557
Select group hotkey79
Use ability61
1325 total
» units
Peon8
Grunt5
Shaman9
Raider14
36 total
» upgrades
Melee Weapons2
Ensnare1
Shaman Training1
Armor2
Spiked Barricades1
7 total
» buildings
Altar of Storms1
Orc Burrow7
Voodoo Lounge1
Barracks1
Stronghold1
War Mill1
Beastiary1
Spirit Lodge1
Great Hall3
Watch Tower3
20 total
» build order
00:14 Altar of Storms
00:17 Orc Burrow
00:55 Voodoo Lounge
01:33 Barracks
02:09 Orc Burrow
03:52 Stronghold
04:17 War Mill
06:15 Beastiary
06:23 Spirit Lodge
06:29 Orc Burrow
06:58 Orc Burrow
09:50 Orc Burrow
10:22 Orc Burrow
16:19 Great Hall
16:37 Watch Tower
17:49 Watch Tower
19:03 Great Hall
19:10 Great Hall
19:13 Watch Tower
19:34 Orc Burrow
» items
Healing Salve2
Boots of Speed1
Scroll of Town Portal1
4 total
Humanpocanun (yellow | 76 APM | 1567 actions | 20:31)
Hero icon 2 Blood Mage
Ability icon 2 Flame Strike
Hero icon 1 Archmage
Ability icon 1 Summon Water Elemental

» actions
Assign group hotkey36
Basic commands62
Build / train51
ESC pressed1
Enter build submenu19
Enter hero's abilities submenu9
Right click729
Select / deselect255
Select group hotkey361
Use ability44
1567 total
» units
Peasant9
Footman7
Rifleman4
Priest7
Gryphon Rider12
39 total
» upgrades
Priest Training1
Storm Hammers1
2 total
» buildings
Altar of Kings1
Farm11
Barracks1
Lumber Mill1
Blacksmith1
Keep1
Arcane Sanctum1
Gryphon Aviary1
Castle4
Town Hall1
23 total
» build order
00:07 Altar of Kings
00:15 Farm
00:43 Barracks
00:55 Farm
01:59 Lumber Mill
02:31 Farm
02:39 Farm
03:10 Blacksmith
04:04 Farm
04:07 Farm
04:12 Keep
04:44 Farm
06:35 Arcane Sanctum
07:20 Gryphon Aviary
08:44 Castle
08:44 Castle
08:45 Castle
08:45 Castle
10:07 Town Hall
10:30 Farm
10:34 Farm
10:37 Farm
10:42 Farm